 Dungeon Crawl Stone Soup version 0.27-a0-1071-ga85bd9520d (webtiles) character file.

Game seed: 10926628794676628637

39 sanka the Magician (level 3, 0/30 HPs)
             Began as a Djinni Summoner on Apr 24, 2021.
             Was a Follower of Uskayaw.
             Slain by Terence
             ... wielding a +3 vampiric hand axe
              (11 damage)
             ... on level 2 of the Dungeon.
             The game lasted 00:02:24 (2337 turns).

sanka the Magician (Djinni Summoner)                Turns: 2337, Time: 00:02:25

Health: 0/30       AC:  2    Str:  7    XL:     3   Next: 45%
Gold:   55         EV: 12    Int: 17    God:    Uskayaw [*.....] SH:  0 Dex: 13

rFire    + + .     SeeInvis .   b - +0 whip
rCold    x . .     Faith    .   (no shield)
rNeg     . . .     Spirit   .   a - +0 robe
rPois    ∞         Reflect  .   (no helmet)
rElec    .         Harm     .   (no cloak)
rCorr    .         Rampage  .   (no gloves)
Will     .....                  (boots unavailable)
Stlth    ++........             (no amulet)
HPRegen  0.10/turn              (no ring)
MPRegen  0.00/turn              (no ring)

@: flying
A: fire resistance 2, cold vulnerability 1, float, innate caster, hp casting,
extra vitality 1
a: Renounce Religion, Stomp


You were on level 2 of the Dungeon.
You worshipped Uskayaw.
Uskayaw was noncommittal.
You visited 1 branch of the dungeon, and saw 2 of its levels.

You collected 55 gold pieces.


Innate Abilities, Weirdness & Mutations

You are immune to poison.
Your flesh is very heat resistant. (rF++)
You are vulnerable to cold. (rC-)
You float through the air rather than walking.
You learn spells naturally, not from books.
Your magical power is your life essence.
You have superior vitality. (+4 HP)


   Skills:
 + Level 3.0 Fighting
 - Level 2.1 Dodging
 - Level 1.5 Stealth
 - Level 3.6 Spellcasting


You couldn't memorise any spells.
You knew the following spells:

 Your Spells              Type           Power      Damage    Failure   Level
c - Call Canine Familiar  Summ           15%        N/A       11%         3
e - Apportation           Tloc           30%        N/A       3%          1
v - Summon Ice Beast      Ice/Summ       15%        N/A       36%         4
x - Call Imp              Summ           15%        N/A       5%          2
z - Summon Small Mammal   Summ           60%        N/A       3%          1
X - Summon Lightning Spi  Summ/Air       15%        N/A       36%         4
Z - Summon Guardian Gole  Hex/Summ       15%        N/A       11%         3
Your spell library was empty.

Inventory:

Hand Weapons
 b - a +0 whip (weapon)
Armour
 a - a +0 robe (worn)
Scrolls
 d - a scroll of teleportation {unknown}
 e - a scroll of vulnerability {unknown}
 f - a scroll of magic mapping {unknown}
Potions
 c - a potion of degeneration {unknown}
 g - a potion of might

Dungeon Overview and Level Annotations

Branches:
Dungeon (2/15)

Altars:
Uskayaw

Annotations:
D:2 Terence

...▒.▒▒▒.▒▒▒
▒.▒.▒.....▒
▒.▒▒▒..<..▒
▒..†...▒..▒
▒▒▒▒▒▒....▒
▒▒.▒.....▒
▒.▒▒..▒▒▒
▒▒.▒ ..▒
▒▒▒.R▒▒..▒
▒....@.5.▒
▒.▒.▒▒▒..▒
▒.▒.▒ .▒ ▒
▒.▒ .. ...
.. ... ▒
.▒.▒ .▒.▒


You could see Terence (strong, ally target) and a friendly crimson imp
(summoned).


Message History

Terence shouts, "DIE!!!"
Terence hits your white imp with a +3 vampiric hand axe.
Terence hits your crimson imp with a +3 vampiric hand axe.
Terence hits your crimson imp with a +3 vampiric hand axe.
Terence hits your white imp with a +3 vampiric hand axe.
Your white imp dies!
Your crimson imp hits Terence.
A beastly little devil appears in a puff of flame.
Your crimson imp closely misses Terence.
Terence drinks a potion.
Terence seems to grow stronger.
Your crimson imp hits Terence.
You hit Terence but do no damage.
Terence is moderately wounded.
Terence closely misses you.
Your crimson imp hits Terence but does no damage.
You barely miss Terence.
Terence is moderately wounded.
Your crimson imp hits Terence.
Terence hits you with a +3 vampiric hand axe!
* * * LOW HITPOINT WARNING * * *
Terence hits your crimson imp with a +3 vampiric hand axe!
Your crimson imp dies!
You barely miss Terence.
Terence is heavily wounded.
Terence barely misses you.
You barely miss Terence.
Terence is heavily wounded.
Terence hits you with a +3 vampiric hand axe!
You die...

Action                   || total
-------------------------++-------
Melee: Unarmed           ||    24
       Whip              ||   122
 Cast: Summon Small Mamm ||     9
       Call Imp          ||     3
 Stab: Sleeping          ||     2
Armor: Robe              ||    31
Dodge: Dodged            ||   115

Levels and vault maps discovered:
D:1:      amcnicky_arrival_double_pillar, layout_basic,
          hellmonk_ecumenical_altar_crossroads, st_stairs_5, minmay_tromino_i4
D:2:      layout_loops_ring, minmay_misc_feat_secret_circle,
          minmay_split_cup_small, uniq_terence

Notes
Turn   | Place    | Note
-------+----------+-------------------------------------------
     0 | D:1      | sanka the Djinni Summoner began the quest for the Orb.
     0 | D:1      | Reached XP level 1. HP: 15/15 MP: 0/0
   164 | D:1      | Reached skill level 1 in Fighting
   591 | D:1      | Reached XP level 2. HP: 16/22 MP: 0/0
   821 | D:1      | Reached skill level 2 in Fighting
  1190 | D:1      | Reached XP level 3. HP: 16/29 MP: 0/0
  1190 | D:1      | Learned a level 1 spell: Apportation
  1907 | D:1      | Found a faded altar of an unknown god.
  1918 | D:1      | Became a worshipper of Uskayaw the Reveller
  1918 | D:1      | Reached * piety under Uskayaw
  2143 | D:1      | Reached skill level 3 in Fighting
  2320 | D:2      | Noticed Terence
  2337 | D:2      | Slain by Terence

Vanquished Creatures
  A dart slug (D:1)
  3 bats
  3 endoplasms (D:1)
  A giant cockroach (D:1)
  A hobgoblin (D:1)
  8 jackals (D:1)
  2 kobolds (D:1)
  2 ball pythons (D:1)
  A frilled lizard (D:1)
  6 rats (D:1)
28 creatures vanquished.

Vanquished Creatures (collateral kills)
  A bat (D:1)
  A giant cockroach (D:1)
  A goblin (D:1)
  A hobgoblin (D:1)
  2 kobolds (D:1)
  A rat (D:1)
7 creatures vanquished.

Grand Total: 35 creatures vanquished
